 Dungeon Crawl Stone Soup version 0.26-a0-540-g8a0c9464d7 (webtiles) character file.

Game seed: 4707963946321405224

94 kae the Ruffian (level 4, -2/36 HPs)
             Began as a Draconian Transmuter on Aug 18, 2020.
             Killed from afar by an orc wizard (10 damage)
             ... with a puff of frost
             ... on level 3 of the Dungeon.
             The game lasted 00:03:51 (2550 turns).

kae the Ruffian (Draconian Transmuter)              Turns: 2550, Time: 00:03:51

Health: -2/36      AC:  5    Str: 13    XL:     4   Next: 38%
Magic:  4/7        EV: 12    Int: 14    God:
Gold:   149        SH:  0    Dex: 11    Spells: 5/8 levels left

rFire    . . .     SeeInvis .   g - +3 mace (vorpal)
rCold    . . .     Faith    .   (no shield)
rNeg     . . .     Spirit   .   (armour unavailable)
rPois    .         Reflect  .   (helmet currently unavailable)
rElec    .         Harm     .   (no cloak)
rCorr    .                      (no gloves)
MR       .....                  (boots currently unavailable)
Stlth    +.........             (no amulet)
HPRegen  0.12/turn              (no ring)
MPRegen  0.10/turn              (no ring)

@: appendages (expiring), wereblooded
A: unfitting armour, horns 2, talons 2, cold-blooded, AC +5
a: End Transformation


You were on level 3 of the Dungeon.
You had grown temporary horns.
You had grown temporary talons.
You visited 1 branch of the dungeon, and saw 3 of its levels.

You collected 149 gold pieces.

Inventory:

Hand Weapons
 g - a +3 vorpal mace (weapon)
Wands
 c - a wand of acid (9)
Scrolls
 b - a scroll of fear
 d - a scroll of teleportation
 e - 2 scrolls of enchant armour
 i - a scroll of remove curse
 k - a scroll of identify
Potions
 a - a potion of haste
 f - a potion of heal wounds
 h - a potion of brilliance
 j - 3 potions of curing {unknown}


   Skills:
 + Level 2.1 Fighting
 - Level 1.9 Dodging
 * Level 3.9 Unarmed Combat
 + Level 2.5 Spellcasting
 + Level 2.7 Transmutations


You had 5 spell levels left.
You knew the following spells:

 Your Spells              Type           Power        Failure   Level
a - Beastly Appendage     Tmut           #.....       8%          1
b - Wereblood             Tmut           #.......     11%         2

Your spell library contained the following spells:

 Spells                   Type           Power        Failure   Level
 Spider Form              Tmut/Pois      #.........   36%         3
 Ice Form                 Ice/Tmut       #.......     77%         4
 Blade Hands              Tmut           #.........   90%         5


Dungeon Overview and Level Annotations

Branches:
Dungeon (3/15)

Altars:
Cheibriados
Kikubaaqudgha
Trog
Vehumet
Wu Jian
Zin
The Shining One


Innate Abilities, Weirdness & Mutations

Your plain brown scales are hard. (AC +5)
You cannot fit into any form of body armour.
You are cold-blooded and may be slowed by cold attacks.
You have a pair of horns on your head.
You have razor-sharp toenails.


Message History

The orc wizard hits you with a +0 dagger.
You sock the orc wizard!
You claw the orc wizard, but do no damage.
The orc wizard is almost dead.
The orc wizard hits you with a +0 dagger.
The orc wizard gestures wildly while chanting.
The orc wizard seems to speed up.
You hit the orc wizard.
You kill the orc wizard!
You have reached level 4!
You feel stronger.
You howl as the wereblood boils in your veins!
The orc wizard gestures wildly while chanting.
The orc wizard blinks!
Something hits you.
You hit something. Your kick misses something. Something hits you.
* * * LOW HITPOINT WARNING * * *
You hear some strange, mumbled words.
A puff of frost appears from out of thin air!
The puff of frost hits you!
You die...

....o..5. .#
......o.. .#
......o.# .#
........# .#
.....oo.# .#
........# .#
......?.####.#
#).#oo5{@.#
####.>#.#######
............... ###
#######.#...... ..#
#..........^...
#.####.#############
.......<......
#.############
#........#


You could see 2 orc wizards and a shadow imp.

Vanquished Creatures
  An orc wizard (D:3)
  An adder (D:3)
  A worm (D:2)
  4 orcs (D:3)
  3 giant cockroaches
  8 goblins
  7 hobgoblins
  5 kobolds
  3 quokkas
  6 bats
  6 frilled lizards
  2 rats (D:1)
47 creatures vanquished.

Notes
Turn   | Place    | Note
-------+----------+-------------------------------------------
     0 | D:1      | kae the Draconian Transmuter began the quest for the Orb.
     0 | D:1      | Reached XP level 1. HP: 16/16 MP: 3/3
   276 | D:1      | Reached XP level 2. HP: 23/23 MP: 5/5
   280 | D:1      | Learned a level 2 spell: Wereblood
  1545 | D:2      | Reached XP level 3. HP: 29/29 MP: 6/6
  2277 | D:3      | Found a radiant altar of Vehumet.
  2277 | D:3      | Found an ornate altar of the Wu Jian Council.
  2283 | D:3      | Found a snail-covered altar of Cheibriados.
  2285 | D:3      | Found a bloodstained altar of Trog.
  2285 | D:3      | Found a glowing golden altar of the Shining One.
  2285 | D:3      | Found a glowing silver altar of Zin.
  2288 | D:3      | Found an ancient bone altar of Kikubaaqudgha.
  2549 | D:3      | Reached XP level 4. HP: 17/36 MP: 4/7
  2550 | D:3      | Killed from afar by an orc wizard

Illustrated notes

Levels and vault maps discovered:
D:1:      eino_arrival_cavern_e, layout_loops_corners
D:2:      layout_basic
D:3:      layout_basic, grunt_temple_overflow_open, minmay_checkerbox,
          uniq_robin

Skill      XL: |  1  2  3 |
---------------+----------+-----
Fighting       | 2 |  2.1
Dodging        | |  1.9
Unarmed Combat | |  3.9
Spellcasting   | |  2.5
Transmutations | |  2.7

Action                   |  1- 3 |  4- 6 || total
-------------------------+-------+-------++-------
Melee: Unarmed           |    41 |       ||    41
       Tailslap          |    11 |       ||    11
       Headbutt          |     6 |       ||     6
       Mace              |    69 |     1 ||    70
       Kick              |     8 |       ||     8
       Punch             |     1 |       ||     1
 Cast: Beastly Appendage |    19 |       ||    19
       Wereblood         |     2 |       ||     2
  Use: Scroll            |    10 |       ||    10
Armor: Skin              |    27 |       ||    27
Dodge: Dodged            |    90 |       ||    90

Table legend: (Time is in decaauts)
 A = Elapsed time spent in this place.
 B = Non-inter-level travel time spent in this place.
 C = Inter-level travel time spent in this place.
 D = Time resting spent in this place.
 E = Time spent auto-exploring this place.
 F = Levels seen in this place.
 G = Mean time per level.
                   A        B        C        D        E       F      G
               +--------+--------+--------+--------+--------+-----+--------+
         Total |   2574 |   2494 |     80 |      0 |   2121 |   3 |  858.0 |
       Dungeon |   2574 |   2494 |     80 |      0 |   2121 |   3 |  858.0 |
               +--------+--------+--------+--------+--------+-----+--------+

Top non-repeatable levels by time:
     D:1: 1128 daAuts
     D:2: 772 daAuts
     D:3: 673 daAuts
